 Dungeon Crawl Stone Soup version 0.21.0-24-g2553a33 (console) character file.

145454 stickyfingers the Bludgeoner (level 17, -24/156 HPs)
             Began as a Hill Orc Wizard on Jan 21, 2018.
             Was a High Priest of Elyvilon.
             Killed from afar by Mara (illusionary) (29 damage)
             ... with a bolt of fire
             ... on level 3 of the Swamp.
             The game lasted 01:05:59 (36425 turns).

stickyfingers the Bludgeoner (Hill Orc Wizard)     Turns: 36425, Time: 01:05:59

Health: -24/156    AC: 24    Str: 14    XL:     17   Next: 42%
Magic:  10/26      EV: 12    Int: 15    God:    Elyvilon [*****.]
Gold:   2072       SH: 15    Dex: 19    Spells: 16/20 levels left

rFire    . . .     SeeInvis .   a - +3 eveningstar (freeze)
rCold    + . .     Gourm    .   B - +1 shield {rC+}
rNeg     . . .     Faith    .   Y - +1 chain mail {MR+}
rPois    .         Spirit   .   E - +2 helmet
rElec    .         Reflect  .   X - scarf {cloud immunity}
rCorr    +         Harm     .   e - +2 pair of gloves {Dex+3}
MR       ++++.     Rnd*Rage +   I - +2 pair of boots of Death Resistance {rCorr}
Stlth    ..........             q - necklace of Bloodlust {*Rage +Rage MR++ Int-3 Slay+6 *Curse}
HPRegen  0.36/turn              p - +3 ring of slaying {=R}
MPRegen  0.20/turn              i - +4 ring of dexterity

@: drained
A: no striking features
a: Lesser Healing, Heal Other, Purification, Greater Healing, Divine Vigour,
Divine Protection, Renounce Religion, Evoke Berserk Rage


You were on level 3 of the Swamp.
You worshipped Elyvilon.
Elyvilon was extremely pleased with you.
You were not hungry.

You visited 5 branches of the dungeon, and saw 28 of its levels.
You also visited: Sewer and Ice Cave.

You collected 2192 gold pieces.
You spent 120 gold pieces at shops.

Inventory:

Hand Weapons
 a - a +3 eveningstar of freezing (weapon)
   (You acquired it on level 9 of the Dungeon)
 d - a +2 whip of electrocution
   (You took it off Pikel on level 5 of the Dungeon)
 G - a +0 blowgun
   (You took it off a kobold in a sewer)
Missiles
 u - 542 stones (quivered)
 z - 6 curare-tipped needles
 O - a throwing net
Armour
 e - a +2 pair of gloves of dexterity (worn)
   (You acquired it on level 9 of the Dungeon)
 B - a +1 shield of cold resistance (worn)
   (You found it on level 6 of the Lair of Beasts)
 E - a +2 helmet (worn)
   (You found it on level 12 of the Dungeon)
 I - the +2 pair of boots of Death Resistance (worn) {rCorr}
   (You acquired it on level 2 of the Swamp)

   It protects you from acid and corrosion.
 X - a scarf of cloud immunity (worn)
   (You found it on level 5 of the Lair of Beasts)
 Y - a +1 chain mail of magic resistance (worn)
   (You took it off an orc knight on level 2 of the Orcish Mines)
Jewellery
 c - an uncursed ring of see invisible
   (You found it on level 5 of the Lair of Beasts)
 i - a +4 ring of dexterity (right hand)
   (You found it on level 2 of the Dungeon)
 p - a +3 ring of slaying (left hand) {=R}
   (You found it on level 9 of the Dungeon)
 q - the necklace of Bloodlust (around neck) {*Rage +Rage MR++ Int-3 Slay+6 *Curse}
   (You found it on level 6 of the Lair of Beasts)

   [amulet of rage]

   It affects your intelligence (-3).
   It affects your accuracy and damage with ranged weapons and melee attacks
   (+6).
   It affects your resistance to hostile enchantments.
   It lets you go berserk.
   It may make you go berserk in combat.
   It curses itself when equipped.
 s - an uncursed ring of poison resistance
   (You found it on level 1 of the Swamp)
 C - an uncursed ring of flight
   (You found it on level 4 of the Dungeon)
 R - an uncursed ring of protection from magic
   (You found it on level 14 of the Dungeon)
Wands
 o - a wand of iceblast (7)
   (You found it on level 4 of the Lair of Beasts)
 S - a wand of flame (58)
   (You found it in an ice cave)
 T - a wand of polymorph (36)
   (You found it on level 8 of the Dungeon)
 U - a wand of digging (22)
   (You found it on level 14 of the Dungeon)
 V - a wand of enslavement (11)
   (You found it on level 3 of the Swamp)
 W - a wand of paralysis (29)
   (You found it on level 14 of the Dungeon)
Scrolls
 b - 3 scrolls of magic mapping
 f - 20 scrolls of remove curse
 g - a scroll of fog
 h - 15 scrolls of teleportation
 j - 4 scrolls of blinking
 m - a scroll of enchant armour
 r - 3 scrolls of identify
 x - a scroll of holy word
 y - 3 scrolls of summoning
 D - 2 scrolls of fear
Potions
 l - 4 potions of berserk rage
 t - 11 potions of agility
 w - 7 potions of heal wounds
 A - 11 potions of curing
 F - a potion of brilliance
 H - 2 potions of magic
 J - 4 potions of haste
 K - a potion of cancellation
 L - 2 potions of might
 P - a potion of invisibility
 Q - 2 potions of resistance
 Z - a potion of mutation
Miscellaneous
 v - a lightning rod (4/4)
   (You found it on level 13 of the Dungeon)
 M - a fan of gales
   (You found it on level 12 of the Dungeon)
Comestibles
 k - 35 rations


   Skills:
 + Level 15.0 Fighting
   Level 0.5(12.5) Axes
 - Level 16.0(15.9) Maces & Flails
 + Level 13.2 Armour
 + Level 9.9(9.8) Dodging
 - Level 1.5 Stealth
 - Level 15.1(15.0) Shields
 - Level 2.4(2.3) Spellcasting
 - Level 1.0(0.9) Conjurations
   Level 1.0(0.9) Summonings
 - Level 0.7(0.6) Translocations
 + Level 12.2 Invocations


You had 16 spell levels left.
You knew the following spells:

 Your Spells              Type           Power        Failure   Level  Hunger
a - Apportation           Tloc           #.....       88%         1    #......
z - Magic Dart            Conj           #...         86%         1    #......
B - Blink                 Tloc           N/A          95%         2    ###....


Dungeon Overview and Level Annotations

Branches:
Dungeon (15/15)            Temple (1/1) D:4            Lair (6/6) D:9
  Swamp (4/4) Lair:4       Spider (0/4) Lair:3        Slime (0/5) Lair:6
    Orc (2/2) D:10            Elf (0/3) Orc:2        Vaults (0/5) D:14
 Depths (0/5) D:15

Altars:
Ashenzari
Cheibriados
Dithmenos
Elyvilon
Fedhas
Gozag
Hepliaklqana
Kikubaaqudgha
Makhleb
Nemelex Xobeh
Okawaru
Qazlal
Ru
Sif Muna
Trog
Uskayaw
Vehumet
Wu Jian
Xom
Yredelemnul
Zin
The Shining One
Beogh
Jiyva

Shops:
D:5 !   D:10 }   Orc:2 ((}(

Annotations:
Lair:2 exclusions: 2 oklob plants and 1 more exclusion
Lair:5 exclusion: oklob plant
Lair:6 exclusion: oklob plant
Swamp:3 Mara


Message History

The bolt of fire misses you.
The tree smoulders and burns.
Press: ? - help, v - describe, . - travel
Here: Mara, wielding a demon blade of pain and wearing a glowing robe (almost dead)
The floor.
Mara gestures.
Mara blinks!
There is a stone staircase leading down, spattered with blood here.
You see here 22 poisoned needles.
Mara hits you with a demon blade of pain.
* * * LOW HITPOINT WARNING * * *
You writhe in agony.
* * * LOW HITPOINT WARNING * * *
Mara says, "I mislead the hearts of men!"
You climb downwards.
There is a stone staircase leading up, spattered with blood here.
Unknown command.
You are healed.
You feel quite a bit more hungry.
You are healed.
You feel somewhat more hungry.
You are healed.
You are feeling hungry.
You are healed.
You feel somewhat more hungry.
You are healed.
You feel somewhat more hungry.
You are healed.
You are feeling very hungry.
You are healed.
You feel somewhat more hungry.
You are healed.
You feel somewhat more hungry.
You are healed.
You are near starving!
You are healed.
You feel somewhat more hungry.
You are healed.
You feel somewhat more hungry.
You are healed.
You feel somewhat more hungry.
You are healed.
You are starving!
Unknown command.
Unknown command.
You eat one of the 36 rations.
That ration really hit the spot!
Unknown command.
Unknown command.
You climb upwards.
Level annotation: Mara You block Mara's attack.
Mara hits you with a demon blade of pain!!
You writhe in agony.
There is a stone staircase leading down, spattered with blood here.
You see here 22 poisoned needles.
Unknown command.
Mara misses you.
You climb downwards.
There is a stone staircase leading up, spattered with blood here.
You climb upwards.
Level annotation: Mara You block Mara's attack.
Mara blinks! x2; Mara hits you but does no damage.
You writhe in agony.
There is a stone staircase leading down, spattered with blood here.
You see here 22 poisoned needles.
Mara blinks! x2
You climb downwards.
There is a stone staircase leading up, spattered with blood here.
Unknown command.
You can't go down here!
You climb upwards.
Level annotation: Mara Mara gestures at you.
The bolt of fire hits you!
Mara blinks!
There is a stone staircase leading down, spattered with blood here.
You see here 22 poisoned needles.
Mara hits you but does no damage.
You writhe in agony.
You hit Mara. You freeze Mara.
Mara is almost dead.
Mara gestures at you. The bolt of fire misses you.
You sock Mara! You freeze Mara.
Mara is almost dead.
Mara blinks! x2
Mara hits you with a demon blade of pain.
You writhe in agony.
You are too injured to fight recklessly!
You are too injured to fight recklessly!
You are too injured to fight recklessly!
You are too injured to fight recklessly!
You are too injured to fight recklessly!
You are too injured to fight recklessly!
You barely miss Mara.
Mara is almost dead.
You puncture Mara! You freeze Mara!
Mara is almost dead.
Mara blinks!
Mara gestures at you. You resist with almost no effort.
Mara hits you with a demon blade of pain.
You writhe in agony.
Mara gestures at you. The bolt of fire hits you!
* * * LOW HITPOINT WARNING * * *
The tree smoulders and burns.
There is a stone staircase leading down, spattered with blood here.
You see here 22 poisoned needles.
Mara gestures at you. The bolt of fire hits you!
You die...

♣≈...≈.♣ ♣♣≈♣♣♣. .≈≈≈.♣ ♣.....≈♣
♣♣.≈≈.. ≈≈≈≈.♣ ♣♣♣♣.≈≈§≈.♣♣
♣♣..≈≈.≈ ♣≈≈≈.♣ ♣.≈♣.§≈≈≈.≈♣♣♣
....≈≈≈♣♣ ♣≈≈≈.♣ ≈.....≈≈≈≈..≈♣
♣♣≈.♣♣♣♣≈≈≈.♣ .≈≈...≈≈≈≈≈§≈♣
♣≈..≈♣♣..♣♣♣♣ ≈≈≈≈.≈≈≈≈≈≈≈.♣
♣♣♣....♣≈.♣
≈≈≈.§≈≈≈≈≈≈≈.§♣♣♣♣♣..≈.≈≈≈♣♣♣
≈≈..≈..≈≈≈≈≈.§§≈.≈..≈≈≈≈≈.♣ ♣♣♣
♣♣♣♣♣♣♣..≈≈≈≈.§.≈≈.≈≈≈≈≈≈.♣♣≈....
♣♣♣.<≈≈≈..@R.§≈≈≈≈≈<≈.≈≈≈≈≈
♣♣♣♣♣♣.....≈≈≈≈≈≈.♣.≈≈≈≈≈
♣♣.§.R......≈≈...≈≈≈
♣≈.≈♣≈..§♣♣♣♣≈≈.≈≈≈ ♣♣.≈♣..≈♣♣
≈≈≈≈≈. ♣R..≈♣♣♣ ≈≈≈≈. ♣♣≈.≈≈
≈...♣ .≈≈≈≈ ..≈ ≈≈≈≈


You could see 3 Maras.

Vanquished Creatures
  Saint Roka (Orc:2)
  Kirke (D:14)
  2 thorn hunters (Swamp:1 Swamp:3)
  Donald (Swamp:2)
  A frost giant (IceCv)
  An orc warlord (Orc:2)
  5 dire elephants (Lair:6)
  2 fire dragons (D:12 D:15)
  Erolcha (Orc:2)
  Josephine (Lair:6)
  11 hydras (Lair:4 Lair:5 Lair:6 D:12 Swamp:1)
  An anaconda (Lair:6)
  2 catoblepae (D:13)
  2 ghost crabs (Swamp:4)
  9 two-headed ogres (D:8 Orc:2 D:13 D:14)
  Erica (D:10)
  3 centaur warriors (D:14)
  A vault guard (D:14)
  7 death yaks (Lair:3 IceCv)
  5 alligators (Swamp:1 Swamp:2 Swamp:3)
  3 tengu warriors (D:13 D:14)
  4 orc high priests (Orc:2)
  6 unseen horrors (D:13 D:15)
  5 skeletal warriors (D:12 D:13)
  A spriggan druid (Swamp:4)
  4 swamp dragons (Swamp:1 Swamp:4)
  2 wizards (D:14 D:15)
  Pikel (D:5)
  3 necromancers (D:14)
  2 wolf spider zombies (D:14 D:15)
  15 ugly things (D:13 D:15)
  4 orc knights (Orc:2 D:15)
  5 orc sorcerers (Orc:1 Orc:2 D:15)
  A wolf spider (D:13)
  15 slime creatures (D:14 Swamp:1)
  An oklob plant (Lair:6)
  A black mamba (Lair:1)
  4 cyclopes (Orc:1 Orc:2 D:13)
  An ice statue (IceCv)
  3 manticores (D:13 D:15)
  2 centaur zombies (D:13 D:15)
  7 elephants (Lair:6)
  3 gargoyles (D:14 D:15)
  A rime drake (Lair:1)
  10 spiny frogs (Lair:1 Lair:2 Lair:3 Lair:4 Lair:6)
  An efreet (D:15)
  3 kobold demonologists (D:13 D:14)
  5 komodo dragons (D:9 Lair:1 Lair:3 Lair:6)
  A komodo dragon (shapeshifter) (D:15)
  A freezing wraith (D:13)
  4 trolls (Orc:1 Orc:2 D:13 D:15)
  3 jumping spiders (Lair:3)
  A meliai (D:13)
  A tyrant leech (Swamp:1)
  5 hornets (Swamp:1 Swamp:2)
  16 polar bears (Lair:4 IceCv)
  7 bog bodies (Swamp:1 Swamp:2 Swamp:4)
  6 dream sheep (Lair:5)
  7 hippogriffs (D:7 Lair:2 Lair:3 Lair:5 D:15)
  6 spriggans (Swamp:1 Swamp:2)
  4 redbacks (Lair:3)
  10 wraiths (Lair:6 D:11 D:12 D:13 D:15)
  57 yaks (D:10 Lair:3 Lair:5 IceCv Lair:6)
  4 shadows (D:10 D:13 D:14 Swamp:3)
  5 wyverns (D:10 Lair:4 Lair:6 D:14)
  2 fire elementals (Lair:2)
  4 basilisks (Lair:4 Lair:6 D:14 D:15)
  A hog (D:14)
  20 humans (D:14)
  2 hungry ghosts (D:8 D:15)
  Grum (D:8)
  23 vampire mosquitoes (D:12 D:13 Swamp:1 Swamp:2 Swamp:3)
  Menkaure (D:7)
  7 insubstantial wisps (Lair:4 Swamp:1)
  13 swamp worms (Swamp:1 Lair:4 Swamp:2 Swamp:4)
  7 wargs (Orc:1 Orc:2 D:15)
  14 water moccasins (D:10 Lair:1 Lair:2 Lair:3 Lair:4)
  5 porcupines (Lair:1 Lair:3 Lair:5)
  2 acid dragons (D:13)
  2 hornet zombies (D:14 D:15)
  2 eyes of draining (D:11 D:15)
  3 swamp drakes (Swamp:1 Swamp:4)
  56 orc warriors (D:7 D:8 D:9 D:11 D:10)
  2 sky beasts (D:11 D:13)
  4 black bears (D:5 D:9 Lair:1 Lair:4)
  6 necrophages (Lair:3)
  3 ice beasts (D:6 D:9 D:12)
  23 ogres (D:5 D:8 D:7 D:9 D:10)
  3 phantoms (D:4 D:8 D:10)
  3 boggarts (D:15)
  11 centaurs (D:5 D:8 D:9 D:13 D:14)
  14 wolves (D:8 D:9 Lair:2 IceCv)
  6 crocodiles (Lair:3 Lair:6 D:13)
  5 big kobolds (Sewer D:12 D:14)
  A wyvern zombie (D:12)
  19 bullfrogs (D:3 D:6 D:7 D:8 Lair:2)
  A gnoll sergeant (D:5)
  A water moccasin zombie (D:12)
  A wyvern skeleton (D:12)
  6 scorpions (D:4 D:6 D:8 D:7 D:12)
  14 killer bees (D:11 D:12)
  A water moccasin skeleton (D:6)
  15 wights (D:9 D:10 D:12)
  4 electric eels (D:10 Lair:2)
  6 howler monkeys (D:4 D:5 D:9 D:13)
  3 bullfrog zombies (D:6 D:7 D:10)
  9 crimson imps (D:5 D:7 D:8 D:10 D:11)
  A quasit (D:8)
  31 orc priests (D:4 D:7 D:11 Orc:1 Orc:2)
  2 bullfrog skeletons (D:3 D:11)
  8 centaur skeletons (D:6 D:9 D:12 D:13 D:15)
  6 hounds (D:4 D:7 D:8 D:9 D:13)
  6 jellies (D:5 D:8 D:11 D:12)
  21 orc wizards (D:6 D:9 D:12 Orc:1 Orc:2)
  Crazy Yiuf (D:7)
  6 iguanas (D:5 D:6 D:8 D:9 D:13)
  4 worker ants (D:6 D:10 D:12 D:14)
  2 hound skeletons (D:4 D:10)
  4 gnolls (D:5 D:6)
  20 adders (D:2 D:4 Sewer D:5 D:6)
  3 river rats (Sewer)
  2 shadow imps (D:9 D:11)
  12 white imps (Lair:5)
  2 oozes (D:2 Sewer)
  2 adder skeletons (D:3 D:9)
  7 worms (D:2 D:3 Sewer D:4)
  2 dart slugs (D:3 D:4)
  7 leopard geckos (D:1 D:3 D:5 D:6 D:8)
  135 orcs (D:3 D:4 D:6 D:7 D:8)
  6 giant cockroaches (D:1 D:3 D:5 D:7)
  10 goblins (D:1 D:2 D:3)
  12 hobgoblins (D:1 D:2 D:3)
  11 jackals (D:8 D:9 D:7)
  15 kobolds (D:2 D:3 Sewer D:12 D:14)
  5 quokkas (D:3 D:4 D:6 D:9)
  5 ball pythons (Sewer D:5)
  10 bats (D:1 D:2 D:3)
  6 frilled lizards (D:1 D:2 D:4)
  A jackal zombie (D:5)
  17 rats (D:1 D:2 D:3 D:4 Sewer)
  A briar patch (Swamp:1)
  2 plants (Lair:6)
1020 creatures vanquished.

Vanquished Creatures (others)
  A fire giant (D:15)
  An elephant (Lair:6)
  A black mamba (Lair:6)
  A hornet (Swamp:1)
  6 humans (D:14)
  A slave (D:5)
  3 wolves (IceCv)
  An orc priest (Orc:2)
  2 gnolls (D:5)
  A leopard gecko (D:5)
  An orc (Orc:2)
  A bat (D:3)
  2 briar patches (Swamp:1)
  14 fungi (Lair:3 Lair:5 Lair:6 Swamp:4)
  6 plants (D:9 Lair:6)
  11 toadstools (Lair:6)
53 creatures vanquished.

Grand Total: 1073 creatures vanquished

Notes
Turn   | Place    | Note
-------+----------+-------------------------------------------
     0 | D:1      | stickyfingers the Hill Orc Wizard began the quest for the Orb.
     0 | D:1      | Reached XP level 1. HP: 14/14 MP: 3/3
   174 | D:1      | Reached skill level 1 in Fighting
   381 | D:1      | Reached XP level 2. HP: 24/24 MP: 3/5
   388 | D:1      | Reached skill level 2 in Fighting
  1184 | D:2      | Reached skill level 1 in Maces & Flails
  1184 | D:2      | Reached XP level 3. HP: 30/30 MP: 0/6
  1422 | D:2      | Reached skill level 3 in Fighting
  1546 | D:2      | Reached skill level 2 in Maces & Flails
  1704 | D:2      | Reached XP level 4. HP: 28/38 MP: 7/7
  2680 | D:3      | HP: 11/38 [worm (9)]
  2685 | D:3      | HP: 10/38 [worm (2)]
  2690 | D:3      | HP: 7/38 [worm (3)]
  2981 | D:3      | Reached skill level 3 in Maces & Flails
  3074 | D:3      | Found a radiant altar of Vehumet.
  3285 | D:3      | Reached XP level 5. HP: 40/45 MP: 8/8
  3311 | D:3      | Reached skill level 4 in Maces & Flails
  3523 | D:3      | Found a white marble altar of Elyvilon.
  3562 | D:3      | Became a worshipper of Elyvilon the Healer
  4019 | D:4      | Found an opulent altar of Gozag.
  4031 | D:4      | Reached skill level 5 in Maces & Flails
  4031 | D:4      | Reached XP level 6. HP: 38/51 MP: 9/9
  4090 | D:4      | Found a staircase to the Ecumenical Temple.
  4109 | D:4      | HP: 15/51 [orc priest/morningstar (7)]
  4119 | D:4      | Reached * piety under Elyvilon
  4317 | D:4      | Noticed a two-headed ogre
  4468 | D:4      | Reached skill level 6 in Maces & Flails
  4618 | D:4      | Found a glowing drain.
  4626 | Sewer    | Entered a sewer
  4810 | Sewer    | Reached XP level 7. HP: 57/57 MP: 10/10
  4871 | Sewer    | Reached skill level 7 in Maces & Flails
  5407 | D:4      | HP: 11/57 [two-headed ogre/dire flail (17)]
  5411 | D:4      | HP: 4/57 [two-headed ogre/dire flail (8)]
  5740 | D:4      | Reached skill level 8 in Maces & Flails
  5908 | D:4      | Reached skill level 4 in Fighting
  5913 | Temple   | Entered the Ecumenical Temple
  5964 | Temple   | Reached ** piety under Elyvilon
  6129 | D:5      | Entered Level 5 of the Dungeon
  6195 | D:5      | Reached XP level 8. HP: 62/67 MP: 11/11
  6595 | D:5      | Reached skill level 5 in Fighting
  6659 | D:5      | Noticed Pikel
  6684 | D:5      | HP: 14/68 [Pikel/whip of electrocution (9)]
  6686 | D:5      | Elyvilon protects you from harm!
  6687 | D:5      | Killed Pikel
  6687 | D:5      | Reached skill level 6 in Fighting
  6687 | D:5      | Reached skill level 9 in Maces & Flails
  6957 | D:5      | Reached skill level 7 in Fighting
  7078 | D:5      | Reached XP level 9. HP: 57/79 MP: 12/12
  7097 | D:5      | Reached skill level 10 in Maces & Flails
  7399 | D:5      | Found Urofu's Distillery.
  7399 | D:5      | Reached *** piety under Elyvilon
  7404 | D:5      | Bought a potion of haste for 120 gold pieces
  7591 | D:5      | HP: 19/79 [centaur/uncursed quarterstaff (5)]
  7916 | D:6      | Reached skill level 8 in Fighting
  8209 | D:6      | Found a hazy altar of Hepliaklqana.
  8584 | D:6      | Reached **** piety under Elyvilon
  8907 | D:7      | Reached skill level 9 in Fighting
  8955 | D:7      | Found a runed door.
  8983 | D:7      | You fall through a shaft!
  9022 | D:8      | Reached skill level 11 in Maces & Flails
  9083 | D:8      | Noticed a two-headed ogre
  9379 | D:8      | Noticed Grum
  9385 | D:8      | Reached skill level 1 in Invocations
  9395 | D:9      | HP: 25/85 [poisoned by a scorpion]
  9403 | D:9      | HP: 25/85 [poisoned by a scorpion]
  9662 | D:8      | Killed Grum
  9662 | D:8      | Reached skill level 2 in Invocations
  9662 | D:8      | Reached XP level 10. HP: 58/93 MP: 13/13
  9663 | D:8      | Reached skill level 3 in Invocations
  9869 | D:7      | Reached skill level 10 in Fighting
  9919 | D:7      | Reached skill level 4 in Invocations
  9946 | D:7      | Noticed Menkaure
  9955 | D:7      | Killed Menkaure
  9976 | D:7      | Identified a book of Cantrips
 10298 | D:7      | Reached ***** piety under Elyvilon
 10311 | D:7      | Reached skill level 5 in Invocations
 10456 | D:7      | Noticed Crazy Yiuf
 10458 | D:7      | Killed Crazy Yiuf
 10681 | D:8      | HP: 26/93 [orc warrior/halberd (4)]
 10956 | D:8      | Noticed a two-headed ogre
 10967 | D:8      | Killed a two-headed ogre
 10967 | D:8      | Reached skill level 6 in Invocations
 11060 | D:8      | Killed a two-headed ogre
 11060 | D:8      | Reached skill level 12 in Maces & Flails
 11060 | D:8      | Reached skill level 7 in Invocations
 11201 | D:8      | Reached skill level 1 in Armour
 11658 | D:9      | Reached skill level 8 in Invocations
 11744 | D:9      | Reached skill level 2 in Armour
 11817 | D:9      | Identified a book of Flames
 12031 | D:9      | Reached skill level 11 in Fighting
 12031 | D:9      | Reached XP level 11. HP: 93/102 MP: 17/17
 12108 | D:9      | Reached skill level 3 in Armour
 12194 | D:9      | Found a basalt altar of Yredelemnul.
 12195 | D:9      | Found a bloodstained altar of Trog.
 12490 | D:9      | Found a staircase to the Lair.
 12728 | D:10     | Entered Level 10 of the Dungeon
 12795 | D:10     | Reached skill level 9 in Invocations
 13011 | D:10     | Reached skill level 4 in Armour
 13466 | D:10     | Found a staircase to the Orcish Mines.
 13516 | D:10     | Reached skill level 5 in Armour
 13520 | D:10     | Reached skill level 10 in Invocations
 13828 | D:10     | Found Evi Afrum's Gadget Shoppe.
 14056 | D:9      | Learned a level 1 spell: Apportation
 14059 | D:9      | Learned a level 2 spell: Blink
 14071 | Lair:1   | Entered Level 1 of the Lair of Beasts
 14100 | Lair:1   | Reached ****** piety under Elyvilon
 14109 | Lair:1   | Reached skill level 2 in Dodging
 14493 | Lair:1   | Reached skill level 6 in Armour
 14872 | Lair:1   | Reached skill level 3 in Dodging
 15318 | Lair:2   | HP: 31/104 [fire elemental (10)]
 15615 | Lair:2   | Reached skill level 7 in Armour
 15659 | Lair:2   | Reached skill level 4 in Dodging
 15829 | Lair:2   | Noticed an oklob plant
 15829 | Lair:2   | Noticed an oklob plant
 16058 | Lair:3   | Noticed an eight-headed hydra
 16061 | Lair:3   | Pacified an eight-headed hydra
 16061 | Lair:3   | Reached skill level 12 in Fighting
 16061 | Lair:3   | Reached XP level 12. HP: 112/112 MP: 19/19
 16272 | Lair:3   | Noticed a death yak
 16273 | Lair:3   | Noticed a death yak
 16273 | Lair:3   | Noticed a death yak
 16273 | Lair:3   | Noticed a death yak
 16274 | Lair:3   | Noticed a death yak
 16292 | Lair:3   | Noticed a death yak
 16389 | Lair:3   | Killed a death yak
 16389 | Lair:3   | Reached skill level 8 in Armour
 16420 | Lair:3   | Killed a death yak
 16420 | Lair:3   | Reached skill level 5 in Dodging
 16476 | Lair:3   | Killed a death yak
 16521 | Lair:3   | Killed a death yak
 16532 | Lair:3   | Killed a death yak
 16535 | Lair:3   | HP: 33/110 [porcupine's spines (6)]
 16592 | Lair:3   | HP: 26/110 [death yak (14)]
 16608 | Lair:3   | HP: 27/110 [death yak (9)]
 16611 | Lair:3   | Killed a death yak
 16611 | Lair:3   | Reached skill level 9 in Armour
 16930 | Lair:3   | Reached skill level 6 in Dodging
 16978 | Lair:3   | HP: 33/113 [redback (5)]
 16986 | Lair:3   | HP: 31/113 [jumping spider (1)]
 17116 | Lair:3   | Found a hole to the Spider Nest.
 17552 | Lair:4   | Found a staircase to the Swamp.
 17748 | Lair:4   | Noticed a four-headed hydra
 17761 | Lair:4   | Killed a four-headed hydra
 17761 | Lair:4   | Reached skill level 10 in Armour
 17816 | Lair:4   | Found a shimmering altar of Xom.
 18321 | Lair:4   | Reached XP level 13. HP: 107/119 MP: 20/20
 18491 | Lair:5   | Reached skill level 13 in Fighting
 18491 | Lair:5   | Reached skill level 7 in Dodging
 18881 | Lair:5   | Found a frozen archway.
 18924 | IceCv    | Entered an ice cave
 19114 | IceCv    | HP: 35/122 [ice statue] (15)]
 19131 | IceCv    | HP: 31/122 [ice beast[an ice statue] (6)]
 19354 | IceCv    | Reached skill level 11 in Armour
 19647 | IceCv    | Reached skill level 8 in Dodging
 19746 | IceCv    | Noticed a frost giant
 19797 | IceCv    | HP: 45/152 [frost giant/bolt of cold (17)]
 19800 | IceCv    | Killed a frost giant
 19830 | IceCv    | HP: 43/152 [yak (8)]
 19994 | IceCv    | Got a crude double sword
 20004 | IceCv    | Identified the +10 double sword "Bung" {flame, Str+2 Int+4 Stlth-} (You found it in an ice cave)
 20748 | Lair:6   | Entered Level 6 of the Lair of Beasts
 20777 | Lair:6   | Noticed Josephine
 20805 | Lair:6   | Reached skill level 12 in Armour
 20833 | Lair:6   | Killed Josephine
 21001 | Lair:6   | Found a viscous altar of Jiyva.
 21002 | Lair:6   | Found a staircase to the Slime Pits.
 21081 | Lair:6   | Reached XP level 14. HP: 53/130 MP: 14/21
 21096 | Lair:6   | HP: 36/130 [five-headed hydra (9)]
 21096 | Lair:6   | HP: 17/130 [five-headed hydra (10)]
 21102 | Lair:6   | HP: 20/130 [five-headed hydra (11)]
 21271 | Lair:6   | Reached skill level 14 in Fighting
 21360 | Lair:6   | Reached skill level 9 in Dodging
 22177 | Lair:6   | Found a blossoming altar of Fedhas.
 22329 | Lair:6   | Noticed a dire elephant
 22348 | Lair:6   | HP: 25/132 [dire elephant (30)]
 22353 | Lair:6   | HP: 27/132 [dire elephant (25)]
 22357 | Lair:6   | HP: 3/132 [dire elephant (16)]
 22364 | Lair:6   | Killed a dire elephant
 22364 | Lair:6   | Reached skill level 11 in Invocations
 22590 | Lair:6   | Noticed a dire elephant
 22630 | Lair:6   | Killed a dire elephant
 22926 | Lair:6   | Noticed a dire elephant
 22926 | Lair:6   | Noticed a dire elephant
 22927 | Lair:6   | Found the cursed necklace of Bloodlust {*Rage +Rage MR++ Int-3 Slay+6 *Curse}
 22986 | Lair:6   | HP: 32/166 [dire elephant (22)]
 22988 | Lair:6   | Killed a dire elephant
 22991 | Lair:6   | HP: 29/166 [dire elephant (28)]
 22993 | Lair:6   | HP: 14/166 [dire elephant (15)]
 22999 | Lair:6   | HP: 46/166 [dire elephant (5)]
 23014 | Lair:6   | HP: 35/166 [dire elephant (18)]
 23018 | Lair:6   | Killed a dire elephant
 23263 | Lair:6   | Noticed a dire elephant
 23275 | Lair:6   | Killed a dire elephant
 23496 | D:9      | Identified 3 scrolls of acquirement
 23667 | D:11     | Identified a book of Misfortune
 24129 | D:11     | Found a roughly hewn altar of Beogh.
 24822 | D:12     | Reached skill level 13 in Maces & Flails
 25286 | D:12     | Identified a book of Fire
 25489 | Orc:1    | Entered Level 1 of the Orcish Mines
 25489 | Orc:1    | Noticed Erica
 25531 | D:10     | Killed Erica
 25869 | Orc:1    | HP: 37/133 [orc warrior/long sword (8)]
 26046 | Orc:2    | Entered Level 2 of the Orcish Mines
 26132 | Orc:2    | Reached skill level 14 in Maces & Flails
 26494 | Orc:2    | Noticed an orc warlord
 26519 | Orc:2    | Killed an orc warlord
 26519 | Orc:2    | Reached XP level 15. HP: 67/139 MP: 20/23
 26540 | Orc:2    | Found a roughly hewn altar of Beogh.
 26707 | Orc:2    | Found Fefupam's Antique Weapon Boutique.
 26763 | Orc:2    | Found Hann's Gadget Shop.
 26804 | Orc:2    | Reached skill level 15 in Maces & Flails
 27239 | Orc:2    | Found a staircase to the Elven Halls.
 27298 | Orc:2    | Reached skill level 1 in Shields
 27306 | Orc:2    | HP: 36/139 [orc sorcerer/bolt of negative energy (26)]
 27560 | Orc:2    | Noticed Erolcha
 27565 | Orc:2    | Noticed Saint Roka
 27569 | Orc:2    | Killed Erolcha
 27569 | Orc:2    | Reached skill level 2 in Shields
 27681 | Orc:2    | HP: 38/139 [ogre/giant club (6)]
 27917 | Orc:2    | Killed Saint Roka
 27917 | Orc:2    | Reached skill level 4 in Shields
 28396 | Orc:2    | Found a roughly hewn altar of Beogh.
 28472 | Orc:2    | Reached skill level 5 in Shields
 28543 | Orc:2    | Found Poetrih's Weapon Shoppe.
 28592 | Orc:2    | Found Wufrannu's Weapon Emporium.
 29143 | D:13     | Reached skill level 6 in Shields
 29478 | D:13     | Reached skill level 7 in Shields
 29551 | D:13     | Found a blossoming altar of Fedhas.
 29796 | D:13     | Reached skill level 8 in Shields
 29828 | D:13     | Reached skill level 16 in Maces & Flails
 29937 | D:13     | Reached skill level 9 in Shields
 30217 | D:13     | Reached XP level 16. HP: 126/147 MP: 24/24
 30541 | D:14     | Reached skill level 10 in Shields
 30686 | D:14     | Noticed Kirke
 30701 | D:14     | Killed Kirke
 30760 | D:14     | Identified a book of the Tempests
 31020 | D:14     | Reached skill level 11 in Shields
 31294 | D:14     | Found a gate to the Vaults.
 31510 | D:14     | Reached skill level 12 in Shields
 31817 | D:15     | Entered Level 15 of the Dungeon
 31850 | D:15     | Paralysed by you for 2 turns
 32275 | D:15     | Reached skill level 13 in Shields
 32548 | D:15     | Found a staircase to the Depths.
 32654 | D:15     | HP: 4/147 [fire giant/fireball (47)]
 33631 | Swamp:1  | Entered Level 1 of the Swamp
 33677 | Swamp:1  | Reached skill level 14 in Shields
 34612 | Swamp:1  | Reached XP level 17. HP: 154/154 MP: 25/25
 34828 | Swamp:1  | Reached skill level 15 in Shields
 35359 | Swamp:2  | Noticed Donald
 35369 | Swamp:2  | Killed Donald
 35823 | Swamp:2  | Reached skill level 13 in Armour
 35861 | Swamp:2  | Got a pair of smoking boots
 35867 | Swamp:2  | Identified the +2 pair of boots of Death Resistance {rCorr} (You acquired it on level 2 of the Swamp)
 36167 | Swamp:4  | Entered Level 4 of the Swamp
 36180 | Swamp:3  | Reached skill level 12 in Invocations
 36309 | Swamp:4  | Noticed Mara
 36315 | Swamp:4  | Noticed stickyfingers's illusion
 36317 | Swamp:4  | HP: 46/154 [Mara/demon blade of pain (11)]
 36324 | Swamp:3  | HP: 33/154 [thorn hunter/volley of thorns (15)]
 36331 | Swamp:4  | HP: 25/154 [ghost crab (10)]
 36335 | Swamp:4  | Reached skill level 15 in Fighting
 36388 | Swamp:3  | HP: 37/156 [Mara (illusionary)/bolt of fire (25)]
 36390 | Swamp:3  | HP: 15/156 [Mara/demon blade of pain (24)]
 36424 | Swamp:3  | HP: 4/156 [Mara (illusionary)/bolt of fire (55)]
 36425 | Swamp:3  | Killed from afar by Mara (illusionary)

Skill      XL: |  1  2  3  4  5  6  7  8  9 10 11 12 13 14 15 16 17 |
---------------+----------------------------------------------------+-----
Fighting       | 1 2 3 4 7 9 11 12 13 14 15 | 15.0
Maces & Flails | 1 2 3 5 6 8 9 11 12 14 16 | 16.0
Invocations    | 2 8 10 11 12 | 12.2
Armour         | 2 7 10 12 13 | 13.2
Dodging        | 4 6 8 9 |  9.9
Shields        | 9 14 15 | 15.1
Axes           | |  0.5
Stealth        | |  1.5
Spellcasting   | |  2.4
Conjurations   | |  1.0
Summonings     | |  1.0
Translocations | |  0.7

Action                   |  1- 3 |  4- 6 |  7- 9 | 10-12 | 13-15 | 16-18 || total
-------------------------+-------+-------+-------+-------+-------+-------++-------
Melee: Unarmed           |    30 |       |       |       |       |       ||    30
       Whip              |    46 |   272 |   383 |   857 |  1562 |       ||  3120
       Club              |     3 |       |       |       |       |       ||     3
       Hand axe          |       |    27 |       |       |       |       ||    27
       Dire flail        |       |       |       |    15 |    21 |       ||    36
       Eveningstar       |       |       |       |       |   406 |   765 ||  1171
 Fire: Blowgun           |       |       |       |       |       |     1 ||     1
Throw: Stone             |     1 |    13 |    65 |    22 |    19 |    36 ||   156
 Cast: Magic Dart        |    60 |     2 |       |       |       |       ||    62
Invok: Heal Other        |       |       |       |     6 |     3 |       ||     9
       Purification      |       |       |       |     1 |     2 |       ||     3
       Greater Healing   |       |       |       |       |    26 |     4 ||    30
       Divine Vigour     |       |       |       |       |     3 |       ||     3
       Lesser Healing    |       |       |       |       |       |    25 ||    25
 Abil: Evoke Berserk Rag |       |       |       |       |     1 |       ||     1
Evoke: Wand              |       |       |       |       |       |     6 ||     6
  Use: Scroll            |       |       |       |    16 |    15 |    12 ||    43
 Stab: Sleeping          |     1 |       |     3 |     1 |       |       ||     5
       Distracted        |       |       |     1 |       |       |       ||     1
  Eat: Chunk             |     3 |    10 |    11 |    22 |    43 |    15 ||   104
       Ration            |       |       |     2 |     2 |     4 |     4 ||    12
Armor: Robe              |    17 |       |       |       |       |       ||    17
       Ring mail         |       |   112 |    80 |    11 |       |       ||   203
       Chain mail        |       |       |       |   258 |   821 |   250 ||  1329
Dodge: Dodged            |    44 |   137 |   117 |   157 |   568 |   225 ||  1248
Block: Shield            |       |       |       |       |   392 |   431 ||   823
